[Event "Rated Blitz game"]
[Site "?"]
[Date "2021.03.14"]
[Round "?"]
[White "Salvaged_Dirt"]
[Black "readycash"]
[Result "0-1"]
[ECO "C42"]
[WhiteElo "2481"]
[BlackElo "2499"]
[PlyCount "24"]
[EventDate "2021.??.??"]
[EventType "blitz"]
[TimeControl "180"]

1. e4 e5 2. Nf3 Nf6 3. Nxe5 d6 4. Nxf7 Kxf7 5. d4 c5 6. Nc3 cxd4 7. Qxd4 Nc6 8.
Bc4+ d5 9. Bxd5+ Nxd5 10. Qxd5+ Qxd5 11. exd5 Nd4 12. Kd1 Bf5 {Normal} 0-1

[Event "Rated Blitz game"]
[Site "?"]
[Date "2021.03.14"]
[Round "?"]
[White "mared2"]
[Black "adnansendur"]
[Result "0-1"]
[ECO "C42"]
[WhiteElo "2299"]
[BlackElo "2404"]
[PlyCount "38"]
[EventDate "2021.??.??"]
[EventType "blitz"]
[TimeControl "180"]

1. e4 e5 2. Nf3 Nf6 3. Nxe5 d6 4. Nxf7 Kxf7 5. d4 Qe8 6. f3 c5 7. dxc5 dxc5 8.
Nc3 Nc6 9. Be3 Be6 10. Bb5 a6 11. Bxc6 Qxc6 12. O-O Be7 13. e5 Nd5 14. Nxd5
Qxd5 15. Qe1 Qxe5 16. Qf2 Rac8 17. c3 Rhd8 18. Rae1 Qf6 19. a3 Bc4 {Normal} 0-1

[Event "Rated Blitz game"]
[Site "?"]
[Date "2021.03.14"]
[Round "?"]
[White "Nikkkita"]
[Black "adnansendur"]
[Result "1-0"]
[ECO "C42"]
[WhiteElo "2372"]
[BlackElo "2416"]
[PlyCount "63"]
[EventDate "2021.??.??"]
[EventType "blitz"]
[TimeControl "180"]

1. e4 e5 2. Nf3 Nf6 3. Nxe5 d6 4. Nxf7 Kxf7 5. d4 Qe8 6. Bd3 Nc6 7. O-O Nxd4 8.
Bc4+ Ne6 9. f4 Ke7 10. e5 Nd7 11. Bxe6 Kxe6 12. f5+ Ke7 13. Bg5+ Kf7 14. e6+
Kg8 15. exd7 Bxd7 16. f6 gxf6 17. Bxf6 Bg7 18. Bxg7 Kxg7 19. Nc3 Qe5 20. Qd3
Rhf8 21. Rae1 Rxf1+ 22. Rxf1 Bc6 23. Ne2 Re8 24. Nf4 Qe3+ 25. Qxe3 Rxe3 26. h4
Re5 27. Kh2 Be4 28. c3 d5 29. Kg3 Rf5 30. Kg4 c6 31. Re1 Kf7 32. Rxe4 {Normal}
1-0

[Event "Rated Blitz game"]
[Site "?"]
[Date "2021.03.14"]
[Round "?"]
[White "Nikkkita"]
[Black "Shaginyan_A"]
[Result "1-0"]
[ECO "C42"]
[WhiteElo "2376"]
[BlackElo "2444"]
[PlyCount "41"]
[EventDate "2021.??.??"]
[EventType "blitz"]
[TimeControl "180"]

1. e4 e5 2. Nf3 Nf6 3. Nxe5 d6 4. Nxf7 Kxf7 5. d4 g6 6. Bd3 c5 7. e5 dxe5 8.
dxe5 Nd5 9. O-O Be6 10. Nc3 Nxc3 11. bxc3 Bg7 12. Qf3+ Kg8 13. Qxb7 Bd5 14. Bc4
Bxc4 15. Qxa8 Bxf1 16. Bg5 Qxg5 17. Qxb8+ Kf7 18. Qb7+ Qe7 19. e6+ Kxe6 20.
Re1+ Be5 21. Rxe5+ {Normal} 1-0

[Event "Rated Blitz game"]
[Site "?"]
[Date "2021.03.13"]
[Round "?"]
[White "Ryan-Rhys"]
[Black "JaimeFriasII"]
[Result "1-0"]
[ECO "C42"]
[WhiteElo "2461"]
[BlackElo "2419"]
[PlyCount "79"]
[EventDate "2021.??.??"]
[EventType "blitz"]
[TimeControl "180"]

1. e4 e5 2. Nf3 Nf6 3. Nxe5 d6 4. Nxf7 Kxf7 5. Bc4+ Be6 6. Bxe6+ Kxe6 7. Nc3
Nc6 8. O-O Be7 9. d4 Kf7 10. d5 Nb8 11. f4 Rf8 12. e5 Ne8 13. Qg4 Kg8 14. Be3
Nd7 15. Qe6+ Kh8 16. Rf3 dxe5 17. fxe5 Rxf3 18. gxf3 Bc5 19. Re1 b6 20. f4 Qe7
21. Qxe7 Bxe7 22. Ne4 Rb8 23. c4 Bc5 24. Kf2 Kg8 25. Kf3 Bxe3 26. Kxe3 Nc5 27.
f5 Nxe4 28. Kxe4 Kf8 29. Re3 a5 30. Rh3 h6 31. Rg3 b5 32. c5 b4 33. Kd4 Ke7 34.
Rg6 Ra8 35. h4 Kf7 36. h5 Ke7 37. Kc4 Kd7 38. c6+ Ke7 39. Kc5 Rb8 40. d6+ {
Normal} 1-0

[Event "Rated Blitz game"]
[Site "?"]
[Date "2021.03.13"]
[Round "?"]
[White "RatzFatzWeg"]
[Black "NordicTiger"]
[Result "1-0"]
[ECO "C42"]
[WhiteElo "2461"]
[BlackElo "2307"]
[PlyCount "41"]
[EventDate "2021.??.??"]
[EventType "blitz"]
[TimeControl "300"]

1. e4 e5 2. Nf3 Nf6 3. Nxe5 d6 4. Nxf7 Kxf7 5. Nc3 g6 6. Bc4+ Be6 7. Bxe6+ Kxe6
8. d4 Bg7 9. Qe2 Rf8 10. Be3 Kf7 11. Qc4+ d5 12. exd5 Qd7 13. d6+ Qe6 14. Qxc7+
Nbd7 15. O-O Kg8 16. Rfe1 Ng4 17. Bf4 Qf5 18. Bg3 Bxd4 19. Qc4+ Qf7 20. Qxd4
Rae8 21. Qxg4 {Normal} 1-0

[Event "Rated Blitz game"]
[Site "?"]
[Date "2021.03.13"]
[Round "?"]
[White "SHORT21"]
[Black "camilomunoz0107"]
[Result "0-1"]
[ECO "C42"]
[WhiteElo "2416"]
[BlackElo "2374"]
[PlyCount "84"]
[EventDate "2021.??.??"]
[EventType "blitz"]
[TimeControl "180"]

1. e4 e5 2. Nf3 Nf6 3. Nxe5 d6 4. Nxf7 Kxf7 5. Nc3 Be7 6. Bc4+ Be6 7. Bxe6+
Kxe6 8. g4 Kd7 9. g5 Ne8 10. Qg4+ Kc6 11. Qf5 b6 12. Qd5+ Kd7 13. Qxa8 Kc8 14.
Qxa7 Bxg5 15. Nd5 Rf8 16. d3 Bxc1 17. Rxc1 Qh4 18. Rf1 Qxh2 19. Ne7+ Kd7 20.
Nf5 Nc6 21. Qa4 Qe5 22. f4 Qxb2 23. Kd2 g6 24. Rb1 Qf6 25. Ne3 Qd4 26. Qxd4
Nxd4 27. c3 Nc6 28. f5 g5 29. Rh1 Nf6 30. Rbg1 Rg8 31. Rh6 Ke7 32. Nd5+ Nxd5
33. exd5 Ne5 34. Rgh1 g4 35. Re6+ Kd8 36. d4 Nf3+ 37. Ke3 Ng5 38. f6 g3 39. Re7
g2 40. Rg1 Nh3 41. f7 Rg3+ 42. Kd2 Kxe7 {Normal} 0-1

[Event "Rated Blitz tournament T9n0ithQ"]
[Site "?"]
[Date "2021.03.12"]
[Round "?"]
[White "ExpresoNocturno"]
[Black "El_Payaso_Justiciero"]
[Result "0-1"]
[ECO "C42"]
[WhiteElo "2220"]
[BlackElo "2415"]
[PlyCount "56"]
[EventDate "2021.??.??"]
[EventType "blitz"]
[TimeControl "180"]

1. e4 e5 2. Nf3 Nf6 3. Nxe5 d6 4. Nxf7 Kxf7 5. d4 c5 6. c3 cxd4 7. cxd4 Nc6 8.
Nc3 Be7 9. Be3 Re8 10. Qb3+ Kf8 11. f3 Qa5 12. a3 Bd7 13. Bd3 Qb6 14. Qxb6 axb6
15. O-O d5 16. e5 Ng8 17. Nxd5 Bd8 18. Bxh7 Nge7 19. Be4 Bf5 20. Nf4 Kg8 21. g4
Bxe4 22. fxe4 Bc7 23. Rad1 b5 24. Ne6 Bb6 25. Bf2 Ng6 26. Nf4 Nxf4 27. Be3 Ne2+
28. Kf2 Nexd4 {Normal} 0-1

[Event "Rated Blitz tournament 9oGXbjJe"]
[Site "?"]
[Date "2021.03.12"]
[Round "?"]
[White "SalainenErik"]
[Black "Sammalvuo"]
[Result "0-1"]
[ECO "C42"]
[WhiteElo "2465"]
[BlackElo "2549"]
[PlyCount "40"]
[EventDate "2021.??.??"]
[EventType "blitz"]
[TimeControl "180+2"]

1. e4 e5 2. Nf3 Nf6 3. Nxe5 d6 4. Nxf7 Kxf7 5. d4 c5 6. Bc4+ d5 7. exd5 b5 8.
Bxb5 Bd6 9. O-O Rf8 10. dxc5 Bxc5 11. d6 Kg8 12. Qf3 Qb6 13. Nc3 Bb7 14. Bc4+
Kh8 15. Qh3 Qxd6 16. Bg5 Nbd7 17. Rad1 Qe5 18. Rxd7 Nxd7 19. Qxd7 Rxf2 20. Rxf2
Qe1+ {Normal} 0-1

[Event "Rated Blitz game"]
[Site "?"]
[Date "2021.03.12"]
[Round "?"]
[White "SrPopando"]
[Black "vasek8804"]
[Result "0-1"]
[ECO "C42"]
[WhiteElo "2514"]
[BlackElo "2498"]
[PlyCount "78"]
[EventDate "2021.??.??"]
[EventType "blitz"]
[TimeControl "180+2"]

1. e4 e5 2. Nf3 Nf6 3. Nxe5 d6 4. Nxf7 Kxf7 5. Nc3 c5 6. Bc4+ Be6 7. Bxe6+ Kxe6
8. d4 Kf7 9. O-O Be7 10. Be3 cxd4 11. Qxd4 Re8 12. Qc4+ Kf8 13. h3 Qc8 14. Qb3
Nbd7 15. Rad1 Nc5 16. Bxc5 Qxc5 17. Kh1 b5 18. a3 Qc4 19. Qxb5 Qxb5 20. Nxb5
Rab8 21. Nxd6 Bxd6 22. Rxd6 Nxe4 23. Ra6 Rxb2 24. Rxa7 Rxc2 25. Kg1 Re2 26. g3
Re6 27. Rc1 Rxf2 28. Rc8+ Re8 29. Rxe8+ Kxe8 30. Rxg7 Rf7 31. Rxf7 Kxf7 32. Kg2
Nc3 33. Kf3 Kf6 34. h4 Kf5 35. g4+ Ke5 36. Ke3 Nd5+ 37. Kf3 Nb6 38. Ke3 Nc4+
39. Kf3 Nxa3 {Normal} 0-1

[Event "Rated Blitz game"]
[Site "?"]
[Date "2021.03.12"]
[Round "?"]
[White "Nikkkita"]
[Black "Webbimio"]
[Result "1-0"]
[ECO "C42"]
[WhiteElo "2386"]
[BlackElo "2403"]
[PlyCount "39"]
[EventDate "2021.??.??"]
[EventType "blitz"]
[TimeControl "180"]

1. e4 e5 2. Nf3 Nf6 3. Nxe5 d6 4. Nxf7 Kxf7 5. d4 Be7 6. Bc4+ d5 7. exd5 Bd6 8.
O-O Re8 9. Bg5 h6 10. Bh4 Nbd7 11. Nd2 Nb6 12. Bd3 Nbxd5 13. c4 Nf4 14. Nf3 g5
15. Bg3 Bg4 16. c5 Nxd3 17. Qxd3 Bf8 18. Ne5+ Kg7 19. Qg6+ Kh8 20. Nf7# {Normal
} 1-0

[Event "Rated Blitz game"]
[Site "?"]
[Date "2021.03.11"]
[Round "?"]
[White "Chessibague"]
[Black "leopslr"]
[Result "1-0"]
[ECO "C42"]
[WhiteElo "2434"]
[BlackElo "2547"]
[PlyCount "121"]
[EventDate "2021.??.??"]
[EventType "blitz"]
[TimeControl "180"]

1. e4 e5 2. Nf3 Nf6 3. Nxe5 d6 4. Nxf7 Kxf7 5. Nc3 Be7 6. Bc4+ Be6 7. Qe2 Qd7
8. f4 Bxc4 9. Qxc4+ Qe6 10. Qe2 Rf8 11. O-O Kg8 12. d4 Nbd7 13. d5 Qg4 14. Qc4
Rac8 15. h3 Qh5 16. Be3 Nb6 17. Qd3 Nfd7 18. a4 Nc5 19. Bxc5 dxc5 20. a5 Nd7
21. e5 a6 22. Rae1 Kh8 23. f5 Bh4 24. Re2 Rce8 25. e6 Nf6 26. Qc4 Bg3 27. Qxc5
Bd6 28. Qd4 Ng8 29. Qd3 Nh6 30. g4 Qh4 31. Ne4 Be5 32. Rg2 Ng8 33. c3 Nf6 34.
Nd2 h6 35. Nf3 Qxh3 36. Nxe5 Qxd3 37. Nxd3 Nxd5 38. Ne5 Kh7 39. Rd2 Nf6 40. Kg2
b6 41. axb6 cxb6 42. Nd7 Nxd7 43. Rxd7 h5 44. Rh1 Kg8 45. Rxh5 g6 46. Rg5 Rf6
47. Kg3 Kf8 48. Kf4 Rexe6 49. Rd8+ Ke7 50. Rg8 gxf5 51. R5g7+ Kd6 52. gxf5 Kc5
53. Rg6 Rxg6 54. fxg6 Re1 55. g7 Rf1+ 56. Ke3 Rg1 57. Rc8+ Kb5 58. g8=Q Rxg8
59. Rxg8 Kc4 60. Rg4+ Kb3 61. Rb4+ {Time forfeit} 1-0

[Event "Rated Blitz tournament 9v21ZVLs"]
[Site "?"]
[Date "2021.03.11"]
[Round "?"]
[White "Saparmyrat"]
[Black "masmos97"]
[Result "0-1"]
[ECO "C42"]
[WhiteElo "2610"]
[BlackElo "2607"]
[PlyCount "160"]
[EventDate "2021.??.??"]
[EventType "blitz"]
[TimeControl "180+2"]

1. e4 e5 2. Nf3 Nf6 3. Nxe5 d6 4. Nxf7 Kxf7 5. Nc3 c5 6. Bc4+ Be6 7. Bxe6+ Kxe6
8. d4 cxd4 9. Qxd4 Nc6 10. Qc4+ Ke7 11. Bg5 Ne5 12. Nd5+ Kf7 13. Qb3 Kg6 14.
Bxf6 gxf6 15. f4 Nf7 16. O-O-O Rc8 17. h4 h5 18. Qxb7 Bh6 19. Rh3 Rf8 20. Kb1
Rb8 21. Qa6 Qe8 22. Rg3+ Bg5 23. hxg5 fxg5 24. e5 h4 25. Re3 gxf4 26. Nxf4+ Kg7
27. Nh5+ Kh6 28. Nf6 Qb5 29. Qxb5 Rxb5 30. exd6 Kg6 31. Ng4 Kg5 32. Nf2 Nxd6
33. Nh3+ Kh5 34. a4 Rxb2+ 35. Kc1 Nc4 36. Rd5+ Kg6 37. Re6+ Kg7 38. Rg5+ Kf7
39. Re4 Rb4 40. Rf4+ Ke7 41. Re4+ Kf6 42. Rf4+ Ke7 43. Rxf8 Kxf8 44. Rf5+ Ke7
45. Rf4 Rxa4 46. Kd1 Nb2+ 47. Kc1 Nc4 48. Kd1 Ra1+ 49. Ke2 Nd6 50. Rxh4 Nf5 51.
Rh7+ Kf6 52. Rh5 Nd4+ 53. Kd3 Ne6 54. Rh8 Ra3+ 55. Kd2 Ra4 56. Ra8 Rg4 57. Kc1
Rxg2 58. Nf2 Rxf2 59. Rf8+ Nxf8 60. Kb2 Ne6 61. Kb3 Ke7 62. c4 Kd6 63. Kb4 Kc6
64. c5 Nxc5 65. Kc4 Rf4+ 66. Kc3 a5 67. Kc2 Kb5 68. Kc1 Rc4+ 69. Kb2 a4 70. Ka3
Rb4 71. Ka2 Rb3 72. Ka1 Kb4 73. Ka2 Nd3 74. Ka1 Kc3 75. Ka2 Nc1+ 76. Ka1 Nd3
77. Ka2 Nb4+ 78. Ka1 Nd5 79. Ka2 Kc2 80. Ka1 Ra3# {Normal} 0-1

[Event "Rated Blitz game"]
[Site "?"]
[Date "2021.03.10"]
[Round "?"]
[White "Shakh_S"]
[Black "MilosTB"]
[Result "1/2-1/2"]
[ECO "C42"]
[WhiteElo "2525"]
[BlackElo "2508"]
[PlyCount "130"]
[EventDate "2021.??.??"]
[EventType "blitz"]
[TimeControl "180"]

1. e4 e5 2. Nf3 Nf6 3. Nxe5 d6 4. Nxf7 Kxf7 5. d4 c5 6. Bc4+ d5 7. exd5 cxd4 8.
O-O Bd6 9. Qxd4 Re8 10. Bb3 Nbd7 11. c4 Nc5 12. Nc3 Nxb3 13. axb3 b6 14. Be3
Bd7 15. Bf4 Qc7 16. Bxd6 Qxd6 17. h3 a5 18. Rfe1 Rxe1+ 19. Rxe1 Re8 20. Rxe8
Bxe8 21. f3 Qc5 22. Ne2 Qxd4+ 23. Nxd4 Bd7 24. Kf2 Ke7 25. Ke3 Kd6 26. Kd3 Kc5
27. Kc3 b5 28. Nc2 b4+ 29. Kd2 a4 30. bxa4 Kxc4 31. a5 Bb5 32. Ne3+ Kb3 33. g4
h6 34. h4 Kxb2 35. g5 hxg5 36. hxg5 Nd7 37. f4 b3 38. f5 Ka2 39. d6 b2 40. Nd1
b1=Q 41. Nc3+ Kb2 42. Nxb1 Kxb1 43. Kc3 Kc1 44. Kb4 Ba6 45. f6 gxf6 46. g6 f5
47. g7 Nf6 48. d7 Nxd7 49. g8=Q Ne5 50. Qg5+ Kd1 51. Qxf5 Nd3+ 52. Kc3 Ke2 53.
Qe4+ Kf2 54. Qxd3 Bxd3 55. Kxd3 Kf3 56. a6 Kf4 57. a7 Ke5 58. a8=Q Kd6 59. Qa5
Kd7 60. Ke4 Ke7 61. Qa6 Kf7 62. Kf5 Kg7 63. Qg6+ Kf8 64. Qh7 Ke8 65. Ke6 Kd8 {
Time forfeit} 1/2-1/2

[Event "Rated Blitz game"]
[Site "?"]
[Date "2021.03.10"]
[Round "?"]
[White "Takacsbl"]
[Black "mufiks"]
[Result "0-1"]
[ECO "C42"]
[WhiteElo "2577"]
[BlackElo "2562"]
[PlyCount "56"]
[EventDate "2021.??.??"]
[EventType "blitz"]
[TimeControl "180"]

1. e4 e5 2. Nf3 Nf6 3. Nxe5 d6 4. Nxf7 Kxf7 5. Nc3 c5 6. Bc4+ d5 7. exd5 Bd6 8.
O-O Re8 9. d4 Bg4 10. f3 Bf5 11. g4 Bg6 12. g5 Nh5 13. f4 Kg8 14. f5 Bf7 15.
Qg4 g6 16. Bd2 Nd7 17. Rae1 Rxe1 18. Rxe1 a6 19. Ne4 Bf8 20. a4 cxd4 21. fxg6
hxg6 22. Rf1 Ne5 23. Qe2 Nxc4 24. Qxc4 Qxd5 25. Qc7 Re8 26. Nf6+ Nxf6 27. Rxf6
Re2 28. Qg3 Rxd2 {Normal} 0-1

[Event "Rated Blitz game"]
[Site "?"]
[Date "2021.03.10"]
[Round "?"]
[White "Queribus"]
[Black "adnansendur"]
[Result "1-0"]
[ECO "C42"]
[WhiteElo "2424"]
[BlackElo "2473"]
[PlyCount "69"]
[EventDate "2021.??.??"]
[EventType "blitz"]
[TimeControl "180"]

1. e4 e5 2. Nf3 Nf6 3. Nxe5 d6 4. Nxf7 Kxf7 5. Nc3 c5 6. Bc4+ Be6 7. Qe2 Nc6 8.
Bxe6+ Kxe6 9. Qc4+ Kd7 10. O-O Qe8 11. d3 Qe6 12. Qb5 Kc7 13. Bf4 b6 14. a4 Nd4
15. Qa6 Nxc2 16. a5 Be7 17. Rac1 Nb4 18. Qb5 Kb7 19. d4 Rhc8 20. Ra1 Nc2 21.
a6+ Kc7 22. dxc5 Nxa1 23. Nd5+ Nxd5 24. exd5 Qd7 25. cxb6+ axb6 26. Rc1+ Kd8
27. Qxb6+ Ke8 28. Rxa1 Rcb8 29. Qd4 Kf7 30. Re1 Bf6 31. Qe4 Rxa6 32. Qxh7 Qg4
33. g3 Rxb2 34. Qe4 Ra7 35. Qe8# {Normal} 1-0

[Event "Rated Blitz game"]
[Site "?"]
[Date "2021.03.10"]
[Round "?"]
[White "Dmitry_Gritsenko"]
[Black "Brgy23"]
[Result "1-0"]
[ECO "C42"]
[WhiteElo "2521"]
[BlackElo "2451"]
[PlyCount "31"]
[EventDate "2021.??.??"]
[EventType "blitz"]
[TimeControl "180"]

1. e4 e5 2. Nf3 Nf6 3. Nxe5 d6 4. Nxf7 Kxf7 5. d4 Nc6 6. Nc3 Ne7 7. Bd3 Ng6 8.
O-O c6 9. f4 Qb6 10. Be2 Be7 11. e5 Nd5 12. Nxd5 cxd5 13. f5 Nf8 14. Bh5+ Kg8
15. e6 Bf6 16. Bf7# {Normal} 1-0

[Event "Rated Blitz game"]
[Site "?"]
[Date "2021.03.09"]
[Round "?"]
[White "onatog"]
[Black "Bierkules"]
[Result "1/2-1/2"]
[ECO "C42"]
[WhiteElo "2412"]
[BlackElo "2348"]
[PlyCount "104"]
[EventDate "2021.??.??"]
[EventType "blitz"]
[TimeControl "180"]

1. e4 e5 2. Nf3 Nf6 3. Nxe5 d6 4. Nxf7 Kxf7 5. d4 c5 6. Bc4+ d5 7. exd5 b5 8.
Bxb5 Qxd5 9. O-O Bb7 10. f3 Qxd4+ 11. Qxd4 cxd4 12. Nd2 Bc5 13. Nb3 Bb6 14. Kh1
Rd8 15. Bg5 Kg8 16. Rad1 Nc6 17. Rd2 Ne5 18. Rfd1 d3 19. Bxd3 Nxf3 20. Bc4+ Kf8
21. Rxd8+ Rxd8 22. Rxd8+ Bxd8 23. gxf3 Bxf3+ 24. Kg1 Bb6+ 25. Kf1 Ne4 26. Bf4
h6 27. Nd2 Nxd2+ 28. Bxd2 g5 29. Be2 Be4 30. c4 Ke7 31. b4 Bd4 32. a4 Kd6 33.
a5 Bf5 34. Kg2 Be5 35. Bf3 g4 36. Bb7 h5 37. c5+ Kc7 38. a6 h4 39. h3 gxh3+ 40.
Kh1 Bd7 41. Be1 Bg3 42. Bc3 Bc6+ 43. Bxc6 Kxc6 44. Bd4 Kb5 45. c6 Kxa6 46. Bc5
Bb8 47. Kg1 Kb5 48. Kh1 Kxc6 49. Bxa7 Bxa7 50. Kh2 Bb8+ 51. Kxh3 Kb5 52. Kxh4
Kxb4 {Normal} 1/2-1/2

[Event "Rated Blitz game"]
[Site "?"]
[Date "2021.03.08"]
[Round "?"]
[White "dbestsmiles"]
[Black "TheBigPhoenix"]
[Result "1-0"]
[ECO "C42"]
[WhiteElo "2491"]
[BlackElo "2361"]
[PlyCount "53"]
[EventDate "2021.??.??"]
[EventType "blitz"]
[TimeControl "180"]

1. e4 e5 2. Nf3 Nf6 3. Nxe5 d6 4. Nxf7 Kxf7 5. d4 g6 6. Bd3 Kg7 7. O-O c5 8. c3
Nc6 9. d5 Ne5 10. Bc2 c4 11. h3 h5 12. f4 Qb6+ 13. Qd4 Qxd4+ 14. cxd4 Nd3 15.
Bxd3 cxd3 16. Nc3 Be7 17. e5 Nd7 18. Rf3 Nb6 19. Rxd3 Bf5 20. Rd1 Rac8 21. a4
a5 22. Ra3 Rc4 23. Rb3 Bc2 24. Rxb6 Bxd1 25. Rxb7 Kf8 26. Be3 Rg8 27. Nxd1 {
Normal} 1-0

[Event "Rated Blitz game"]
[Site "?"]
[Date "2021.03.08"]
[Round "?"]
[White "wallie666"]
[Black "Chess_Ukraine"]
[Result "0-1"]
[ECO "C42"]
[WhiteElo "2413"]
[BlackElo "2255"]
[PlyCount "88"]
[EventDate "2021.??.??"]
[EventType "blitz"]
[TimeControl "180"]

1. e4 e5 2. Nf3 Nf6 3. Nxe5 d6 4. Nxf7 Kxf7 5. d4 c5 6. dxc5 Be6 7. Nc3 Nc6 8.
cxd6 Qd7 9. Bd3 Rd8 10. O-O Bxd6 11. f4 Bc5+ 12. Kh1 Bg4 13. Qe1 Rhe8 14. e5
Nd5 15. Bc4 Nce7 16. Ne4 Bb4 17. c3 Ba5 18. f5 Kf8 19. f6 Ng6 20. fxg7+ Kxg7
21. Bg5 Rc8 22. Nf6 Nxf6 23. Bxf6+ Kf8 24. Bd8+ Kg7 25. Bxa5 Rxc4 26. Bb4 Rxe5
27. Qg3 Rce4 28. h3 Be6 29. Rad1 Rd5 30. Bf8+ Kg8 31. Rxd5 Qxd5 32. Bh6 Bf7 33.
Qb8+ Re8 34. Qxa7 Qc6 35. Qd4 Ne5 36. Re1 Qd5 37. Qf4 Bg6 38. Qf6 Qf7 39. Qd6
Nc6 40. Rxe8+ Qxe8 41. Qf6 Qf7 42. Qd6 Qe8 43. Qf6 Qe1+ 44. Kh2 Qe5+ {Time
forfeit} 0-1

[Event "Rated Blitz tournament Cs5hJldi"]
[Site "?"]
[Date "2021.03.07"]
[Round "?"]
[White "karsten97"]
[Black "Bierkules"]
[Result "1-0"]
[ECO "C42"]
[WhiteElo "2467"]
[BlackElo "2391"]
[PlyCount "79"]
[EventDate "2021.??.??"]
[EventType "blitz"]
[TimeControl "180"]

1. e4 e5 2. Nf3 Nf6 3. Nxe5 d6 4. Nxf7 Kxf7 5. Nc3 c5 6. Bc4+ d5 7. Nxd5 Be6 8.
O-O Bxd5 9. exd5 Bd6 10. d4 Nbd7 11. Be3 cxd4 12. Bxd4 Re8 13. Bd3 Kg8 14. c4
Ne5 15. f4 Nxd3 16. Qxd3 Rc8 17. b3 b6 18. h3 Qe7 19. g4 Qe4 20. Qd2 Qxd4+ 21.
Qxd4 Bc5 22. Qxc5 bxc5 23. Rfe1 Nd7 24. Kf2 Kf7 25. Kf3 Rxe1 26. Rxe1 Re8 27.
Rxe8 Kxe8 28. Ke4 Ke7 29. g5 g6 30. h4 a5 31. f5 Kf7 32. Kf4 Ke7 33. Ke4 Kf7
34. d6 gxf5+ 35. Kxf5 Nb6 36. h5 Nc8 37. g6+ hxg6+ 38. hxg6+ Ke8 39. g7 Nxd6+
40. Ke6 {Normal} 1-0

[Event "Rated Blitz game"]
[Site "?"]
[Date "2021.03.07"]
[Round "?"]
[White "Dark32"]
[Black "vasovyu"]
[Result "0-1"]
[ECO "C42"]
[WhiteElo "2423"]
[BlackElo "2325"]
[PlyCount "62"]
[EventDate "2021.??.??"]
[EventType "blitz"]
[TimeControl "180+2"]

1. e4 e5 2. Nf3 Nf6 3. Nxe5 d6 4. Nxf7 Kxf7 5. d4 Be7 6. Bc4+ d5 7. exd5 Bb4+
8. Nc3 Re8+ 9. Be3 Kg8 10. d6+ Kh8 11. dxc7 Qxc7 12. Qd3 Bf5 13. Qxf5 Qxc4 14.
Qd3 Qxd3 15. cxd3 Nc6 16. O-O Rad8 17. a3 Ba5 18. Rac1 Nxd4 19. Bxd4 Rxd4 20.
Nb5 Rxd3 21. Nxa7 Rd2 22. b4 Bb6 23. Nc8 Bd4 24. Nd6 Rf8 25. Nc4 Rxf2 26. Kh1
Rxf1+ 27. Rxf1 h5 28. g3 Rc8 29. Nd6 Rc3 30. Nb5 Rd3 31. Nxd4 Rxd4 {Time
forfeit} 0-1

[Event "Rated Blitz game"]
[Site "?"]
[Date "2021.03.05"]
[Round "?"]
[White "dbestsmiles"]
[Black "Kopylov1978"]
[Result "0-1"]
[ECO "C42"]
[WhiteElo "2429"]
[BlackElo "2482"]
[PlyCount "78"]
[EventDate "2021.??.??"]
[EventType "blitz"]
[TimeControl "180"]

1. e4 e5 2. Nf3 Nf6 3. Nxe5 d6 4. Nxf7 Kxf7 5. d4 c5 6. c3 Nc6 7. Bc4+ d5 8.
exd5 Na5 9. Bd3 Qxd5 10. O-O cxd4 11. cxd4 Be6 12. Nc3 Qh5 13. Be2 Qh4 14. d5
Bd7 15. g3 Qh3 16. Re1 Bd6 17. Bf1 Qh5 18. Be2 Bg4 19. f3 Bd7 20. Be3 Rhe8 21.
Bf2 Rac8 22. Rc1 Nc4 23. f4 Bg4 24. Bd4 Bxe2 25. Rxe2 Rxe2 26. Nxe2 Nb6 27.
Rxc8 Nxc8 28. Qd3 Qxd5 29. Qc3 Ne7 30. Bxf6 gxf6 31. b4 Nc6 32. a3 a5 33. Qc2
Kg7 34. Nc3 Qd4+ 35. Kg2 axb4 36. Ne4 bxa3 37. Qb1 Qb2+ 38. Qxb2 axb2 39. Nc3
Bb4 {Normal} 0-1

[Event "Rated Blitz game"]
[Site "?"]
[Date "2021.03.05"]
[Round "?"]
[White "Akshish"]
[Black "Shaginyan_A"]
[Result "0-1"]
[ECO "C42"]
[WhiteElo "2582"]
[BlackElo "2432"]
[PlyCount "58"]
[EventDate "2021.??.??"]
[EventType "blitz"]
[TimeControl "180"]

1. e4 e5 2. Nf3 Nf6 3. Nxe5 d6 4. Nxf7 Kxf7 5. Nc3 c5 6. Bc4+ Be6 7. Bxe6+ Kxe6
8. d4 Nbd7 9. Be3 Kf7 10. dxc5 Nxc5 11. Qd4 Qe7 12. f3 Qe5 13. Qd2 g6 14. O-O-O
Be7 15. Bd4 Qe6 16. g4 Rhc8 17. Rhe1 Kg8 18. g5 Nh5 19. f4 Qg4 20. Be3 Qe6 21.
Kb1 Bf8 22. Bd4 Bg7 23. Bxg7 Nxg7 24. Qxd6 Qxd6 25. Rxd6 Nce6 26. Nd5 Rf8 27.
Rf1 Nxg5 28. Nf6+ Rxf6 29. Rxf6 Nxe4 {Normal} 0-1

[Event "Rated Blitz game"]
[Site "?"]
[Date "2021.03.05"]
[Round "?"]
[White "Jaxakos13"]
[Black "CleverKenkz"]
[Result "0-1"]
[ECO "C42"]
[WhiteElo "2464"]
[BlackElo "2515"]
[PlyCount "74"]
[EventDate "2021.??.??"]
[EventType "blitz"]
[TimeControl "180+2"]

1. e4 e5 2. Nf3 Nf6 3. Nxe5 d6 4. Nxf7 Kxf7 5. d4 Be6 6. Bd3 Be7 7. f4 g6 8. f5
gxf5 9. exf5 Bd5 10. O-O Rg8 11. g3 b6 12. c4 Bb7 13. Qe2 Qd7 14. Nc3 Nc6 15.
Qe6+ Ke8 16. Nd5 Qxe6 17. Nxc7+ Kd7 18. Nxe6 Nb4 19. Bb1 Be4 20. a3 Nd3 21. b4
Rac8 22. Ba2 d5 23. cxd5 Bxd5 24. Bf4 Rc2 25. Bxd5 Nxd5 26. Be5 Ne3 27. Rf3
Rg2+ 28. Kh1 Nf2+ 29. Rxf2 Rxf2 30. Nf4 Nxf5 31. d5 Rc8 32. g4 Ne3 33. h3 Rcc2
34. Re1 Rf3 35. Kg1 Bg5 36. Nd3 Rg2+ 37. Kh1 Rxh3+ {Normal} 0-1

[Event "Rated Blitz tournament TS1ydVqo"]
[Site "?"]
[Date "2021.03.05"]
[Round "?"]
[White "Kingscrusher-YouTube"]
[Black "ChrisJunker"]
[Result "1-0"]
[ECO "C42"]
[WhiteElo "2447"]
[BlackElo "2211"]
[PlyCount "117"]
[EventDate "2021.??.??"]
[EventType "blitz"]
[TimeControl "180"]

1. e4 e5 2. Nf3 Nf6 3. Nxe5 d6 4. Nxf7 Kxf7 5. Bc4+ d5 6. exd5 Bd6 7. Nc3 Re8+
8. Kf1 Kg8 9. d4 Nbd7 10. Bg5 Nb6 11. Bb3 Bf5 12. Qf3 Qd7 13. h3 a5 14. a4 Rf8
15. Re1 Rae8 16. g4 Bg6 17. Kg2 Rxe1 18. Rxe1 Ne4 19. Nxe4 Rxf3 20. Kxf3 h5 21.
Nc5 Qf7+ 22. Kg2 hxg4 23. hxg4 Nxd5 24. Nxb7 c6 25. Nxd6 Qd7 26. Nf5 Bxf5 27.
gxf5 Qxf5 28. Be3 Qg4+ 29. Kf1 Qf3 30. c3 Kh7 31. Bc2+ g6 32. Bd2 Nf4 33. Bxf4
Qxf4 34. Re3 Kg7 35. Ke2 Qg4+ 36. Kd2 Qf4 37. Ke2 Qg4+ 38. Kd2 Qf4 39. f3 Qh2+
40. Re2 Qg3 41. Be4 Qf4+ 42. Kd3 Qd6 43. Rg2 Qb8 44. Rxg6+ Kf7 45. Rxc6 Qxb2
46. Rc5 Qb1+ 47. Ke3 Qc1+ 48. Kf2 Qb2+ 49. Kg3 Qb3 50. Rxa5 Qxc3 51. Rf5+ Ke6
52. d5+ Kd6 53. a5 Qxa5 54. Rf6+ Ke5 55. Rf5+ Kd4 56. d6 Qd2 57. Rd5+ Ke3 58.
Rxd2 Kxd2 59. d7 {Normal} 1-0

[Event "Rated Blitz game"]
[Site "?"]
[Date "2021.03.05"]
[Round "?"]
[White "Blowf1sh"]
[Black "TsapulinAnatoly"]
[Result "1-0"]
[ECO "C42"]
[WhiteElo "2481"]
[BlackElo "2517"]
[PlyCount "89"]
[EventDate "2021.??.??"]
[EventType "blitz"]
[TimeControl "180"]

1. e4 e5 2. Nf3 Nf6 3. Nxe5 d6 4. Nxf7 Kxf7 5. d4 c6 6. Nc3 Be7 7. Bc4+ d5 8.
exd5 cxd5 9. Nxd5 Nxd5 10. Qf3+ Ke8 11. Bxd5 Rf8 12. Qe4 Bf5 13. Qe5 Nc6 14.
Bxc6+ bxc6 15. Bg5 Qd6 16. Bxe7 Qxe7 17. O-O-O Qxe5 18. dxe5 Ke7 19. Rhe1 Rad8
20. Rxd8 Rxd8 21. h3 h5 22. b3 h4 23. Re3 Ke6 24. Rc3 Be4 25. Rc4 Kxe5 26. f3
Bf5 27. Rxh4 g5 28. Ra4 Rd7 29. Ra5+ Kf6 30. g4 Be6 31. Rc5 Bd5 32. c4 Bxf3 33.
Rf5+ Kg6 34. Rxf3 c5 35. Kc2 Rd4 36. a3 Re4 37. Kd3 Rd4+ 38. Kc3 Re4 39. b4
cxb4+ 40. axb4 Re1 41. c5 Rc1+ 42. Kb3 a5 43. bxa5 Rxc5 44. Kb4 Rc1 45. Ra3 {
Normal} 1-0